 Dungeon Crawl Stone Soup version 0.29-a0-362-g5854e031c7 (webtiles) character file.

Game seed: 10369326258470826485

126 sammy202020 the Skirmisher (level 4, -7/30 (55) HPs)
             Began as a Demonspawn Berserker on Apr 30, 2022.
             Was a Follower of Trog.
             Mangled by Edmund
             ... wielding a +4 dire flail of draining
              (10 damage)
             ... on level 4 of the Dungeon.
             The game lasted 00:02:18 (684 turns).

sammy202020 the Skirmisher (Demonspawn Berserker)    Turns: 684, Time: 00:02:20

HP:   -7/30 (55)    AC: 22    Str: 17    XL:     4   Next: 83%
MP:   4/4           EV:  2    Int: 11    God:    Trog [*.....]
Gold: 76            SH:  4    Dex: 12    Spells: 3/3 levels left

rFire   . . .      SeeInvis .   a - +0 hand axe
rCold   . . .      Faith    .   (no shield)
rNeg    . . .      Spirit   .   (body armour currently unavailable)
rPois   +          Reflect  .   (helmet currently unavailable)
rElec   .          Harm     .   (cloak currently unavailable)
rCorr   .          Rampage  .   (gloves currently unavailable)
Will    .....      NoTele   +   (boots currently unavailable)
Stlth   +.........              c - amulet of regeneration
HPRegen 0.90/turn               (no ring)
MPRegen 0.09/turn               (no ring)

@: tree-form (expiring), on berserk cooldown, slowed, very heavily drained, very
slow
A: stationary, stasis, torment immunity, boosted hp, (thin metallic scales 1),
condensation shield
a: Renounce Religion, Berserk


You were on level 4 of the Dungeon.
You worshipped Trog.
Trog was aware of your devotion.
You were a tree.
You visited 1 branch of the dungeon, and saw 3 of its levels.

You collected 76 gold pieces.

Inventory:

Hand Weapons
 a - a +0 hand axe (weapon)
Armour
 b - a +0 animal skin (melded)
Jewellery
 c - an amulet of regeneration (around neck)
 l - a ring of positive energy
Scrolls
 d - a scroll of torment {unknown}
 g - a scroll of teleportation {unknown}
 i - 3 scrolls of identify {unknown}
 k - a scroll of fear {unknown}
Potions
 e - a potion of lignification
 f - a potion of magic {unknown}
 h - a potion of invisibility {unknown}
 j - a potion of flight {unknown}


   Skills:
 * Level 4.0 Fighting
 * Level 3.7 Axes
 + Level 2.4 Armour
 + Level 2.3 Dodging


You had 3 spell levels left.
You didn't know any spells.
Your spell library was empty.

Dungeon Overview and Level Annotations

Branches:
Dungeon (2/15)

Altars:

Annotations:
D:4 Edmund


Innate Abilities, Weirdness & Mutations

You are a tree.
Your roots penetrate the ground, keeping you stationary.
You cannot be teleported.
You are immune to unholy pain and torment.
Your maximum health is greatly increased.
Your equipment is partially melded.
((You are partially covered in thin metallic scales. (AC +2)))
A meltable shield of frost defends you. (SH +4)


Message History

You hit Edmund but do no damage.
Edmund is moderately wounded.
You hit the iguana but do no damage.
The iguana bites you but does no damage.
Edmund hits you but does no damage.
You feel drained.
You hit Edmund.
Edmund is moderately wounded.
You hit the iguana. The iguana bites you. Edmund hits you but does no damage.
You feel drained.
The iguana bites you but does no damage.
Edmund hits you with a +4 dire flail of draining.
You feel drained.
You slash Edmund!
Edmund is heavily wounded.
You barely miss the iguana.
The iguana bites you but does no damage.
You block Edmund's attack.
The iguana bites you but does no damage.
Edmund hits you with a +4 dire flail of draining!
You feel drained.
* * * LOW HITPOINT WARNING * * *
You hit Edmund but do no damage.
Edmund is heavily wounded.
You hit the iguana but do no damage.
Your transformation is almost over.
The iguana bites you but does no damage.
Edmund hits you but does no damage.
You feel drained.
You hit Edmund but do no damage.
Edmund is heavily wounded.
You hit the iguana but do no damage.
The iguana bites you but does no damage.
Edmund hits you with a +4 dire flail of draining.
* * * LOW HITPOINT WARNING * * *
You feel drained.
* * * LOW HITPOINT WARNING * * *
The iguana bites you.
* * * LOW HITPOINT WARNING * * *
Edmund says, "You wouldn't believe how much I paid for this flail."
Edmund hits you with a +4 dire flail of draining!
You die...

#.# #.# .#..
... ...). #.#
.#..( ..# .
...).#.. ..
.##.#.#.# ##.#
......l@#...
##.##.#♣#.#
..........#
.###.##.#.# #
#.#.#
.......).......
.######.##.###.
#.. # ###


You could see Edmund and an iguana.

Vanquished Creatures
  An ogre (D:2)
  2 adders (D:2)
  2 dart slugs
  2 orcs (D:4)
  3 ball pythons (D:2)
  2 giant cockroaches (D:1)
  2 goblins (D:1)
  2 hobgoblins
  2 quokkas
  A bat (D:1)
  A kobold (D:1)
  A rat (D:1)
21 creatures vanquished.

Notes
Turn   | Place    | Note
-------+----------+-------------------------------------------
     0 | D:1      | sammy202020 the Demonspawn Berserker began the quest for
                  | the Orb.
     0 | D:1      | Reached XP level 1. HP: 18/18 MP: 1/1
   105 | D:1      | Gained mutation: A meltable shield of frost defends you.
                  | (SH +4) [demonic ancestry]
   105 | D:1      | Reached XP level 2. HP: 23/24 MP: 2/2
   500 | D:2      | Noticed an ogre
   508 | D:2      | Killed an ogre
   509 | D:2      | Gained mutation: You are partially covered in thin metallic
                  | scales. (AC +2) [demonic ancestry]
   509 | D:2      | Reached XP level 3. HP: 6/30 MP: 3/3
   509 | D:2      | Reached XP level 4. HP: 8/37 MP: 4/4
   602 | D:2      | Reached skill level 4 in Fighting
   659 | D:2      | You fall into a shaft and drop 2 floors!
   659 | D:4      | Noticed Edmund
   684 | D:4      | Mangled by Edmund

Illustrated notes

Levels and vault maps discovered:
D:1:      dpeg_arrival_more_subterranean_lakeside_camping, layout_rooms,
          serial_curves, eino_curves_01, eino_curves_02
D:2:      layout_rooms
D:4:      layout_loops_ring, minmay_diced_spiral, uniq_edmund

Skill      XL: |  1  2  3  4 |
---------------+-------------+-----
Axes           | 3 |  3.7
Armour         | 2 |  2.4
Dodging        | 2 |  2.3
Fighting       | 4 |  4.0

Action                   |  1- 3 |  4- 6 || total
-------------------------+-------+-------++-------
Melee: Hand axe          |    41 |    37 ||    78
       Punch             |       |     1 ||     1
Invok: Berserk           |     1 |     1 ||     2
  Use: Potion            |       |     1 ||     1
Armor: Animal skin       |     6 |     5 ||    11
       Skin              |       |    21 ||    21
Dodge: Dodged            |    19 |    17 ||    36
Block: Other             |     1 |    10 ||    11

Table legend: (Time is in decaauts)
 A = Elapsed time spent in this place.
 B = Non-inter-level travel time spent in this place.
 C = Inter-level travel time spent in this place.
 D = Time resting spent in this place.
 E = Time spent auto-exploring this place.
 F = Levels seen in this place.
 G = Mean time per level.
                   A        B        C        D        E       F      G
               +--------+--------+--------+--------+--------+-----+--------+
         Total |    704 |    672 |     32 |     34 |    467 |   3 |  234.7 |
       Dungeon |    704 |    672 |     32 |     34 |    467 |   3 |  234.7 |
               +--------+--------+--------+--------+--------+-----+--------+

Top non-repeatable levels by time:
     D:1: 505 daAuts
     D:2: 170 daAuts
     D:4: 28 daAuts
